 Seeded DCSS version 0.29.1 (webtiles) character file.

Game seed: 9708579739092153053 (custom seed)

2608 GigaChad the Protected (level 9, -3/78 HPs)
             Began as a Minotaur Fighter on Sept 14, 2022.
             Was a Follower of Ashenzari.
             Constricted to death by Joseph (6 damage)
             ... on level 8 of the Dungeon.
             The game lasted 00:12:34 (7322 turns).

GigaChad the Protected (Minotaur Fighter)           Turns: 7322, Time: 00:12:35

Health: -3/78      AC: 14    Str: 39    XL:     9   Next: 34%
Magic:  2/8        EV:  6    Int:  5    God:    Ashenzari [*.....]
Gold:   277        SH:  5    Dex: 13    Spells: 8/8 levels left

rFire   + . .      SeeInvis .   k - +7 mace of the Maze {spect, rPois Will+ Str+2}
rCold   + + .      Faith    .   c - +0 buckler
rNeg    + . .      Spirit   .   l - +0 plate armour of Ashenzari's Loss {Alch, Cun} (curse)
rPois   +          Reflect  .   (helmet restricted)
rElec   .          Harm     .   (no cloak)
rCorr   .          Rampage  .   (no gloves)
Will    +....                   (no boots)
Stlth   ..........              (no amulet)
HPRegen 0.23/turn               s - ring of the Cryptic Augurer {Fly rF+ Str+5 Int-2, Self, Range} (curse)
MPRegen 0.11/turn               r - ring "Ytos" {rC++ rN+ Str+6 Int+2 Dex+4}

@: grasped by roots, flying, constricted
A: horns 2, retaliatory headbutt
a: Renounce Religion, Shatter the Chains


You were on level 8 of the Dungeon.
You worshipped Ashenzari.
Ashenzari was aware of your devotion.
You visited 2 branches of the dungeon, and saw 9 of its levels.

You collected 277 gold pieces.

Inventory:

Hand Weapons
 a - a +0 long sword
 k - the +7 mace of the Maze (weapon) {spect, rPois Will+ Str+2}
   (You found it on level 2 of the Dungeon)

   When its wielder attacks, the weapon's spirit leaps out and strikes again.
   The spirit shares a part of any damage it takes with its wielder.
   Str:       It affects your strength (+2).
   rPois:     It protects you from poison.
   Will:      It increases your willpower.
Armour
 b - a +0 scale mail
 c - a +0 buckler (worn)
 l - the cursed +0 plate armour of Ashenzari's Loss (worn) {Alch, Cun}
   (You found it on level 2 of the Dungeon)

   It has a curse which improves the following skills: Alchemy: Poison Magic and
   Transmutations.
   Cunning:   Dodging and Stealth.
Jewellery
 r - the ring "Ytos" (right hand) {rC++ rN+ Str+6 Int+2 Dex+4}
   (You acquired it on level 3 of the Dungeon)

   [ring of strength]

   Str:       It affects your strength (+6).
   Int:       It affects your intelligence (+2).
   Dex:       It affects your dexterity (+4).
   rC:        It greatly protects you from cold.
   rN:        It protects you from negative energy.
 s - the cursed ring of the Cryptic Augurer (left hand) {Fly rF+ Str+5 Int-2, Self, Range}
   (You acquired it on level 3 of the Dungeon)

   [ring of protection from fire]

   Str:       It affects your strength (+5).
   Int:       It affects your intelligence (-2).
   rF:        It protects you from fire.
   Fly:       It grants you flight.
   It has a curse which improves the following skills: Introspection: Fighting
   and Spellcasting.
   Ranged Combat: Ranged Weapons and Throwing.
 t - the ring "Uliatue Jabu" {rC- rN+ Will+++ rCorr Stlth+}
   (You acquired it on level 3 of the Dungeon)

   [ring of resist corrosion]

   rC:        It makes you vulnerable to cold.
   rN:        It protects you from negative energy.
   rCorr:     It protects you from acid and corrosion.
   Will:      It greatly increases your willpower.
   Stlth:     It makes you more stealthy.
 y - a ring of resist corrosion
 E - a ring of protection from cold
Wands
 q - a wand of flame (4)
Scrolls
 e - 3 scrolls of blinking
 i - a scroll of butterflies
 j - 8 scrolls of identify
 m - 2 scrolls of noise
 n - a scroll of teleportation
 o - a scroll of fear
 u - 2 scrolls of immolation
 x - 3 scrolls of magic mapping
 C - a scroll of amnesia
 D - a scroll of poison
Potions
 d - a potion of might
 f - a potion of curing
 g - 2 potions of heal wounds
 h - a potion of brilliance
 p - 2 potions of haste
 v - a potion of resistance
 w - 2 potions of degeneration
 z - 2 potions of attraction
 A - a potion of magic
 B - a potion of flight


   Skills:
 + Level 6.0(6.9) Fighting
 + Level 3.9 Long Blades
 + Level 9.2 Maces & Flails
 + Level 9.4 Armour
 + Level 1.5(2.1) Dodging
 + Level 0.3(0.6) Stealth
 + Level 6.7 Shields


You had 8 spell levels left.
You didn't know any spells.
Your spell library contained the following spells:

 Spells                   Type           Power      Damage    Failure   Level
 Necrotise                Necr           0%         1d4       97%         1
 Shock                    Conj/Air       0%         1d3       97%         1
 Swiftness                Air            0%         N/A       100%        3
 Vampiric Draining        Necr           0%         2d6       100%        3
 Airstrike                Air            0%         2d(0-16)  100%        4
 Agony                    Necr           0%         N/A       100%        5


Dungeon Overview and Level Annotations

Branches:
Dungeon (8/15)             Temple (1/1) D:6
   Lair: D:8-11

Altars:
Ashenzari
Dithmenos
Fedhas
Gozag
Hepliaklqana
Makhleb
Okawaru
Sif Muna
Vehumet
Xom
Yredelemnul
Zin
The Shining One

Annotations:
D:5 3 runed translucent doors, PorkyPig's ghost, novice HOMo
D:8 Joseph


Innate Abilities, Weirdness & Mutations

You have a pair of horns on your head.
You reflexively headbutt those who attack you in melee.


Message History

You kill the centaur!
The centaur shoots an arrow.
The arrow hits you!
Joseph shouts, "I love to fight!
I love killing!"
Joseph shoots a sling bullet.
The sling bullet hits you!
The centaur shoots an arrow.
You block the arrow.
The centaur shoots an arrow.
The arrow hits you but does no damage.
Joseph zaps a wand.
The roots erupt in riotous growth!
The grasping roots grab you! The grasping roots constrict you.
* * * LOW HITPOINT WARNING * * *
You hear a shout!
Things that are here:
a +0 shortbow; a centaur corpse You escape the roots grasp.
The centaur shoots an arrow.
The arrow hits you.
* * * LOW HITPOINT WARNING * * *
Joseph zaps a wand.
The roots erupt in riotous growth!
The grasping roots grab you!
Joseph is unaffected.
The grasping roots constrict you.
The centaur shoots an arrow.
The arrow hits you but does no damage.
You hit Joseph.
Joseph is lightly wounded.
Your +7 mace of the Maze {spect, rPois Will+ Str+2} hits Joseph!!
The centaur shoots an arrow.
The arrow misses your +7 mace of the Maze {spect, rPois Will+ Str+2}.
The arrow hits you but does no damage.
Joseph unwields a +0 sling.
Joseph wields a +1 antimagic quarterstaff.
Joseph hits you with a +1 antimagic quarterstaff!
* * * LOW HITPOINT WARNING * * *
You feel your power leaking away. The grasping roots constrict you!
* * * LOW HITPOINT WARNING * * *
You sock Joseph! You headbutt Joseph!
Joseph is severely wounded.
Your +7 mace of the Maze {spect, rPois Will+ Str+2} hits Joseph.
The centaur shoots an arrow.
The arrow hits you but does no damage.
Joseph hits you with a +1 antimagic quarterstaff.
* * * LOW HITPOINT WARNING * * *
You feel your power leaking away. The grasping roots constrict you.
You die...

.#.. ... ###... ..
##..... ..
.......##.
......?#.#
......c..### # #
...#..(...># .# #.
#....@@)..##... #.
....###...........
#..
..##..##.....###
... ....#....#..#
.##.##.##.#$#.###.#
...... #.....# #.#
#.....###..#### #)#
#.........## #.
#........#######


You could see Joseph, a centaur and a friendly +7 mace of the Maze {spect, rPois
Will+ Str+2} (summoned).

Vanquished Creatures
  Prince Ribbit (D:7)
  Grinder (D:6)
  Eustachio (D:6)
  A steam dragon (D:7)
  A swamp worm (D:7)
  2 water moccasins
  A sky beast (D:7)
  2 black bears (D:6)
  An orc warrior (D:7)
  A centaur (D:8)
  A phantom (D:6)
  A kobold brigand (D:8)
  3 scorpions
  2 jellies
  4 orc priests
  2 hounds
  5 iguanas
  10 orc wizards
  10 adders
  An ufetubus (D:5)
  4 worms
  2 dart slugs
  26 orcs
  5 ball pythons
  4 bats
  5 endoplasms
  5 giant cockroaches
  18 goblins
  7 hobgoblins
  8 jackals
  4 quokkas
  2 frilled lizards
  8 kobolds
  3 rats
152 creatures vanquished.

Vanquished Creatures (others)
  11 plants
11 creatures vanquished.

Grand Total: 163 creatures vanquished

Notes
Turn   | Place    | Note
-------+----------+-------------------------------------------
     0 | D:1      | GigaChad the Minotaur Fighter began the quest for the Orb.
     0 | D:1      | Reached XP level 1. HP: 19/19 MP: 0/0
   307 | D:1      | Reached XP level 2. HP: 26/27 MP: 1/1
   351 | D:1      | Found a faded altar of an unknown god.
  1291 | D:2      | Reached XP level 3. HP: 33/33 MP: 2/2
  1327 | D:2      | Identified the +7 mace of the Maze {spect, rPois Will+
                  | Str+2}
  2542 | D:3      | Reached XP level 4. HP: 37/40 MP: 3/3
  2797 | D:3      | Reached skill level 1 in Maces & Flails
  2859 | D:3      | Identified 3 scrolls of acquirement
  2859 | D:3      | Acquired the ring "Doucymes" {Fly rF+ Str+5 Int-2}
  2862 | D:3      | Acquired the ring "Uliatue Jabu" {rC- rN+ Will+++ rCorr
                  | Stlth+}
  2865 | D:3      | Acquired the ring "Ytos" {rC++ rN+ Str+6 Int+2 Dex+4}
  2924 | D:4      | Reached skill level 5 in Armour
  2930 | D:4      | Reached XP level 5. HP: 46/46 MP: 4/4
  3030 | D:4      | Reached skill level 1 in Dodging
  3069 | D:4      | Reached XP level 6. HP: 50/52 MP: 5/5
  3643 | D:4      | Identified the +1 robe of Dogmatism {rPois Int+2 Dex+4
                  | Slay-2}
  3817 | D:5      | Entered Level 5 of the Dungeon
  3940 | D:5      | Found a runed translucent gate.
  3940 | D:5      | Found a runed translucent gate.
  3940 | D:5      | Found a runed translucent gate.
  3942 | D:5      | Noticed PorkyPig's ghost (novice HOMo)
  3971 | D:5      | Reached skill level 5 in Shields
  4271 | D:5      | Reached XP level 7. HP: 52/59 MP: 6/6
  4451 | D:6      | Found a staircase to the Ecumenical Temple.
  4458 | Temple   | Entered the Ecumenical Temple
  4463 | Temple   | Became a worshipper of Ashenzari the Shackled
  4619 | D:6      | Reached skill level 5 in Maces & Flails
  4770 | D:6      | Found a large runed translucent door.
  4771 | D:6      | Found a large runed translucent door.
  4796 | D:6      | Noticed Grinder
  4797 | D:6      | Found a basalt altar of Yredelemnul.
  4801 | D:6      | Reached XP level 8. HP: 67/67 MP: 7/7
  4805 | D:6      | Killed Grinder
  4827 | D:6      | Found a radiant altar of Vehumet.
  4831 | D:6      | Reached skill level 5 in Fighting
  4846 | D:6      | Noticed Eustachio
  4858 | D:6      | Killed Eustachio
  5060 | D:6      | Found a glowing drain.
  5821 | D:7      | Noticed Prince Ribbit
  5828 | D:7      | Killed Prince Ribbit
  6187 | D:7      | Reached XP level 9. HP: 67/75 MP: 8/8
  7090 | D:7      | Reached * piety under Ashenzari
  7312 | D:8      | Noticed Joseph
  7322 | D:8      | HP: 3/78 [Joseph/+1 antimagic quarterstaff (3)]
  7322 | D:8      | Constricted to death by Joseph

Illustrated notes

Levels and vault maps discovered:
D:1:      matt_arrival_spirals, layout_loops_ring,
          chequers_ecumenical_altar_island, chequers_serial_rivers_room_b,
          minmay_misc_feat_nine_boxes
D:2:      layout_basic, chequers_serial_rivers_small_3
D:3:      layout_loops_ring
D:4:      layout_loops_corners, kennysheep_generic_room_5, uniq_robin
D:5:      kennysheep_kobold_camp, layout_cave_pools,
          gammafunk_ghost_nasty_kobolds, nicolae_fountain_basement
D:6:      minmay_evil_eye, layout_loops_ring, jmf_multi_god_temple2,
          temple_statues, gup_sewer_entry_bubbles, uniq_grinder, uniq_eustachio
D:7:      layout_loops_ring, worms_lemuel, uniq_prince_ribbit1
D:8:      layout_layer_cave, mainiacjoe_overflow_tiny_flanked, minivault_22,
          minmay_fire_ice_demons, uniq_joseph
Temple:   hellmonk_temple_two_chambers

Skill      XL: |  1  2  3  4  5  6  7  8  9 |
---------------+----------------------------+-----
Shields        | 4 5 6 |  6.7
Armour         | 4 5 6 7 8 9 |  9.4
Long Blades    | 3 |  3.9
Maces & Flails | 1 2 3 6 8 9 |  9.2
Fighting       | 4 5 6 |  6.0
Dodging        | 1 |  1.5
Stealth        | |  0.3

Action                   |  1- 3 |  4- 6 |  7- 9 || total
-------------------------+-------+-------+-------++-------
Melee: Long sword        |    44 |       |       ||    44
       Headbutt          |     8 |     8 |    23 ||    39
       Mace              |    23 |    75 |   113 ||   211
Invok: Curse Item        |       |       |     2 ||     2
  Use: Scroll            |     1 |     6 |       ||     7
Armor: Scale mail        |    38 |       |       ||    38
       Plate armour      |    19 |    65 |    80 ||   164
Dodge: Dodged            |    58 |    35 |    46 ||   139
Block: Buckler           |    20 |    21 |    40 ||    81
